 Dungeon Crawl Stone Soup version 0.21.1-1-g345015f (webtiles) character file.

49 tidbits the Grave Robber (level 3, 15/25 HPs)
             Began as a Gnoll Necromancer on June 29, 2018.
             Quit the game on level 3 of the Dungeon.
             The game lasted 00:01:47 (180 turns).

tidbits the Grave Robber (Gnoll Necromancer)         Turns: 180, Time: 00:01:49

Health: 15/25      AC:  3    Str: 10    XL:     3   Next: 75%
Magic:  3/9        EV: 15    Int: 18    God:
Gold:   38         SH:  0    Dex: 18    Spells: 4/12 levels left

rFire    . . .     SeeInvis .   a - +0 dagger
rCold    . . .     Gourm    .   (no shield)
rNeg     . . .     Faith    .   d - +0 robe
rPois    .         Spirit   .   (no helmet)
rElec    .         Reflect  .   (no cloak)
rCorr    .         Harm     .   G - +0 pair of gloves {Dex+3}
MR       .....                  (no boots)
Stlth    +++.......             (no amulet)
HPRegen  0.08/turn              (no ring)
MPRegen  0.11/turn              (no ring)

@: no status effects
A: distributed training, fangs 1, strong nose
a: no special abilities


You were on level 3 of the Dungeon.
You were not hungry.

You visited 1 branch of the dungeon, and saw 3 of its levels.

You collected 38 gold pieces.

Inventory:

Hand Weapons
 a - a +0 dagger (weapon)
 g - a +0 trident
Missiles
 f - 3 tomahawks (quivered)
Armour
 d - a +0 robe (worn)
 G - a +0 pair of gloves of dexterity (worn)
   (You found it on level 2 of the Dungeon)
Books
 b - a book of Necromancy

   Spells                             Type                      Level
   a - Pain                           Necromancy                   1
   b - Animate Skeleton               Necromancy                   1
   c - Vampiric Draining              Necromancy                   3
   d - Regeneration                   Charms/Necromancy            3
   e - Animate Dead                   Necromancy                   4
   f - Borgnjor's Vile Clutch         Necromancy/Earth             5
Comestibles
 c - a ration


   Skills:
 + Level 0.9 Fighting
 + Level 0.9 Short Blades
 + Level 0.9 Long Blades
 + Level 0.9 Axes
 + Level 0.9 Maces & Flails
 + Level 0.9 Polearms
 + Level 0.9 Staves
 + Level 0.9 Slings
 + Level 0.9 Bows
 + Level 0.9 Crossbows
 + Level 0.9 Throwing
 + Level 0.9 Armour
 + Level 4.5 Dodging
 + Level 4.2 Stealth
 + Level 0.9 Shields
 + Level 0.9 Unarmed Combat
 + Level 5.0 Spellcasting
 + Level 0.6 Conjurations
 + Level 0.6 Hexes
 + Level 0.6 Charms
 + Level 0.6 Summonings
 + Level 7.1 Necromancy
 + Level 0.6 Translocations
 + Level 0.6 Transmutations
 + Level 0.6 Fire Magic
 + Level 0.6 Ice Magic
 + Level 0.6 Air Magic
 + Level 0.6 Earth Magic
 + Level 0.6 Poison Magic
 + Level 1.0 Invocations
 + Level 0.9 Evocations


You had 4 spell levels left.
You knew the following spells:

 Your Spells              Type           Power        Failure   Level  Hunger
a - Pain                  Necr           ####         1%          1    None
d - Vampiric Draining     Necr           ####......   1%          3    ##.....
n - Animate Skeleton      Necr           N/A          1%          1    None
r - Regeneration          Chrm/Necr      ###.......   9%          3    ##.....


Dungeon Overview and Level Annotations

Branches:
Dungeon (3/15)

Altars:
Dithmenos

Annotations:
D:3 ChungusAmongUs's ghost, amateur GnWz


Innate Abilities, Weirdness & Mutations

Your experience applies equally to all skills.
You have very sharp teeth.
Your uncanny sense of smell can sniff out nearby items.


Message History

Aim: an orc, wielding a hand axe and wearing a leather armour (heavily wounded, chance to defeat MR: 93%)
The orc writhes in agony!
You kill the orc!
Casting: Pain
Confirm with . or Enter, or press ? or * to list all spells.
Aiming: Pain
Press: ? - help, Shift-Dir - straight line, f - orc
Aim: an orc, wielding a trident (chance to defeat MR: 93%)
The orc barely resists.
Casting: Pain
Confirm with . or Enter, or press ? or * to list all spells.
Aiming: Pain
Press: ? - help, Shift-Dir - straight line, f/p - orc
Aim: an orc, wielding a trident (chance to defeat MR: 93%)
The orc writhes in agony!
You kill the orc!
An orc wizard comes into view. It is wielding a club.
The orc wizard shouts!
You see here a trident.
g - a trident It was a potion of curing.
You feel better.
Wield which item (- for none, * to show all)? (? for menu, Esc to quit)
g - a +0 trident (weapon)
Attack whom?
Press: ? - help, Dir - move target cursor, f - orc wizard
Aim: an orc wizard, wielding a club and wearing a robe You reach to attack!
You hit the orc wizard but do no damage.
Throwing (i - inventory):
f - 3 tomahawks (quivered)
Press: ? - help, Shift-Dir - straight line, f/p - orc wizard
Aim: an orc wizard, wielding a club and wearing a robe You throw a tomahawk.
The tomahawk hits the orc wizard but does no damage.
The orc wizard misses you.
Throwing (i - inventory):
f - 2 tomahawks (quivered)
Press: ? - help, Shift-Dir - straight line, f/p - orc wizard
Aim: an orc wizard, wielding a club and wearing a robe You throw a tomahawk.
The tomahawk hits the orc wizard.
The orc wizard is lightly wounded.
The orc wizard hits you with a club. The orc wizard closely misses you.
Casting: Pain
Confirm with . or Enter, or press ? or * to list all spells.
Aiming: Pain
Press: ? - help, Shift-Dir - straight line, f/p - orc wizard
Aim: an orc wizard, wielding a club and wearing a robe (lightly wounded, chance to defeat MR: 84%)
The orc wizard writhes in agony!
Throwing (i - inventory):
f - a tomahawk (quivered)
Press: ? - help, Shift-Dir - straight line, f/p - orc wizard
Aim: an orc wizard, wielding a club and wearing a robe (heavily wounded)
You throw a tomahawk. The tomahawk hits the orc wizard.
The orc wizard is severely wounded.
The orc wizard hits you with a club. x2
* * * LOW HITPOINT WARNING * * *
Firing (i - inventory): No suitable missiles.
Press: ? - help, Shift-Dir - straight line, f/p - orc wizard
Aim: an orc wizard, wielding a club and wearing a robe (severely wounded)
Okay, then.
Firing (i - inventory): No suitable missiles.
Press: ? - help, Shift-Dir - straight line, f/p - orc wizard
Aim: an orc wizard, wielding a club and wearing a robe (severely wounded)
Okay, then.
You hit the orc wizard.
You kill the orc wizard!
Your Spellcasting skill increases to level 5!
Your Invocations skill increases to level 1!
You have reached level 3!
Your experience leads to an increase in your attributes!
Your base attributes are Str 10, Int 17, Dex 15.
Increase (S)trength, (I)ntelligence, or (D)exterity?
You feel clever.
Memorise Vampiric Draining, consuming 3 spell levels and leaving 7?
You start memorising the spell.
You continue memorising. x3
You finish memorising.
Spell assigned to 'd'.
Memorise Regeneration, consuming 3 spell levels and leaving 4?
You start memorising the spell.
You continue memorising. x3
You finish memorising.
Spell assigned to 'r'.
Items here: ( ) [ † a club; a robe; 3 tomahawks; an orc corpse
f - 3 tomahawks
Found a dagger.
Things that are here:
a hand axe; a leather armour You see here a dagger.
d - a dagger Wield which item (- for none, * to show all)? (? for menu, Esc to quit)
d - a +0 dagger (weapon)
Adjust (i)tems, (s)pells, or (a)bilities?
Adjust which item? (? for menu, Esc to quit)
d - a +0 dagger (weapon)
Adjust to which letter? (? for menu, Esc to quit)
a - a +0 dagger (weapon);
d - a +0 robe (worn)
ChungusAmongUs's ghost (amateur Gnoll Wizard) comes into view.
You aren't carrying any potions.
Unknown command.
Okay, then.
As you read the scroll labeled OVEMAL ADGHAENE, it crumbles to dust.
It is a scroll of identify.
You don't have any unidentified items.
ChungusAmongUs's ghost turns its malevolent gaze towards you.
Are you sure you want to abandon this character and quit the game? (Confirm with "yes".)

.# .# .### ...
..# ..#
###########..#
#....@....W..#
#)#########.##
#.# .# #.# .#
#.# W# #.# ..
∆ ∆ #)### ##
#...# ###.#


You could see ChungusAmongUs's ghost.

Vanquished Creatures
  An orc wizard (D:3)
  An adder (D:2)
  2 orcs (D:3)
  A bat (D:3)
  A hobgoblin (D:1)
  A jackal (D:2)
  A quokka (D:3)
  A frilled lizard (D:1)
9 creatures vanquished.

Notes
Turn   | Place    | Note
-------+----------+-------------------------------------------
     0 | D:1      | tidbits the Gnoll Necromancer began the quest for the Orb.
     0 | D:1      | Reached XP level 1. HP: 13/13 MP: 6/6
    29 | D:2      | Found a shadowy altar of Dithmenos.
    78 | D:2      | Reached XP level 2. HP: 14/20 MP: 1/7
    81 | D:2      | Learned a level 1 spell: Animate Skeleton
   147 | D:3      | Reached skill level 5 in Spellcasting
   147 | D:3      | Reached skill level 1 in Invocations
   147 | D:3      | Reached XP level 3. HP: 12/25 MP: 0/9
   152 | D:3      | Learned a level 3 spell: Vampiric Draining
   156 | D:3      | Learned a level 3 spell: Regeneration
   173 | D:3      | Noticed ChungusAmongUs's ghost (amateur GnWz)
   180 | D:3      | Quit the game

Skill      XL: |  1  2 |
---------------+-------+-----
Spellcasting   | 5 |  5.0
Invocations    | 1 |  1.0
Fighting       | |  0.9
Short Blades   | |  0.9
Long Blades    | |  0.9
Axes           | |  0.9
Maces & Flails | |  0.9
Polearms       | |  0.9
Staves         | |  0.9
Slings         | |  0.9
Bows           | |  0.9
Crossbows      | |  0.9
Throwing       | |  0.9
Armour         | |  0.9
Dodging        | |  4.5
Stealth        | |  4.2
Shields        | |  0.9
Unarmed Combat | |  0.9
Conjurations   | |  0.6
Hexes          | |  0.6
Charms         | |  0.6
Summonings     | |  0.6
Necromancy     | |  7.1
Translocations | |  0.6
Transmutations | |  0.6
Fire Magic     | |  0.6
Ice Magic      | |  0.6
Air Magic      | |  0.6
Earth Magic    | |  0.6
Poison Magic   | |  0.6
Evocations     | |  0.9

Action                   || total
-------------------------++-------
Melee: Trident           ||     2
Throw: Tomahawk          ||     3
 Cast: Pain              ||    15
       Animate Skeleton  ||     1
  Use: Potion            ||     1
       Scroll            ||     1
Dodge: Dodged            ||     7

Table legend:
 A = Turns spent in this place as a percentage of turns spent in the entire game.
 B = Non-inter-level travel turns spent in this place as a percentage of non-inter-level travel turns spent in the entire game.
 C = Inter-level travel turns spent in this place as a percentage of turns spent in this place.
 D = Turns resting spent in this place as a percentage of non-inter-level travel turns spent in this place.
 E = Turns spent auto-exploring this place as a percentage of non-inter-level travel turns spent in this place.
 F = Non-inter-level travel turns spent in this place divided by the number of levels of this place that you've seen.
                   A       B       C       D       E      F
               +-------+-------+-------+-------+-------+----------------------
         Total | 100.0 | 100.0 |   0.0 |   0.0 |   0.0 |  60.0
       Dungeon | 100.0 | 100.0 |   0.0 |   0.0 |   0.0 |  60.0
               +-------+-------+-------+-------+-------+----------------------

Table legend:
 A = Kills in this place as a percentage of kills in entire the game.
 B = Kills by you in this place as a percentage of kills by you in the entire game.
 C = Kills by friends in this place as a percentage of kills by friends in the entire game.
 D = Other kills in this place as a percentage of other kills in the entire game.
 E = Experience gained in this place as a percentage of experience gained in the entire game.
 F = Experience gained in this place divided by the number of levels of this place that you have seen.
                   A       B       C       D       E      F
               +-------+-------+-------+-------+-------+----------------------
         Total | 100.0 | 100.0 |   N/A |   N/A | 100.0 |  23.3
       Dungeon | 100.0 | 100.0 |   N/A |   N/A | 100.0 |  23.3
               +-------+-------+-------+-------+-------+----------------------

Vault maps used:
D:1:      dpeg_arrival_long_road
D:2:      nicolae_dithmenos_shadow_blocks, minmay_small_reverse_x
D:3:      nicolae_overflow_hidden_temple,
          chequers_temple_overflow_statue_of_worship
